 Dungeon Crawl Stone Soup version 0.31.0-1-g2c135a008e (webtiles) character file.

Game seed: 9280195810949108437

2145 qw the Skirmisher (level 9, -4/65 HPs)
             Began as a Djinni Hunter on Jan 24, 2024.
             Was a Believer of Okawaru.
             Killed from afar by a raiju (8 damage)
             ... with a living lightning
             ... on level 1 of the Abyss.
             The game lasted 00:00:21 (4951 turns).

qw the Skirmisher (Djinni Hunter)                   Turns: 4951, Time: 00:00:22

Health: -4/65      AC: 16    Str: 10    XL:     9   Next: 56%
Gold:   919        EV: 17    Int: 11    God:    Okawaru [**....] SH:  0 Dex: 21

rFire   + + .        a - +1 shortbow (heavy)
rCold   + . .        (shield currently unavailable)
rNeg    . . .        j - +5 ring mail "Niotiblu" {-Cast rPois rC++ Stlth+}
rPois   inf          (no helmet)
rElec   .            f - +1 cloak
rCorr   .            c - +1 pair of gloves
SInv    .            (boots unavailable)
Will    .....        (no amulet)
Stlth   ++++         (no ring)
HPRegen 0.30/turn    (no ring)
MPRegen 0.00/turn

%: no spellcasting, infuse magic (-5 HP)
@: about to teleport, heroic, flying
A: sickness immunity, fire resistance 2, cold vulnerability 1, float, innate
caster, HP casting, extra vitality 1
a: Renounce Religion, Heroism


You were on level 1 of the Abyss.
You worshipped Okawaru.
Okawaru was pleased with you.
You visited 2 branches of the dungeon, and saw 7 of its levels.
You visited the Abyss 1 time.
You also visited: Sewer.

You collected 1201 gold pieces.
You spent 282 gold pieces at shops.


Innate Abilities, Weirdness & Mutations

You are immune to sickness and miasma.
You are immune to poison.
Your flesh is very heat resistant. (rF++)
You are vulnerable to cold. (rC-)
You float through the air rather than walking.
You learn spells naturally, not from books.
Your magical power is your life essence.
You have superior vitality. (+4 MHP)


   Skills:
 + Level 5.0(10.0) Fighting
 - Level 8.0(13.0) Ranged Weapons
 - Level 2.6(7.6) Armour
 - Level 5.4(10.4) Dodging
 - Level 0.7(5.7) Stealth
 - Level 4.0 Invocations


You knew the following spells:

 Your Spells              Type           Power      Damage    Failure   Level
a - Shock                 Conj/Air       0%         1d3       61%         1
b - Momentum Strike       Conj/Tloc      0%         3d8       75%         2
c - Passwall              Erth           0%         N/A       93%         3
d - Petrify               Alch/Erth      0%         N/A       100%        4
Your spell library was empty.

Inventory:

Hand Weapons
 a - a +1 heavy shortbow (weapon)
Armour
 c - a +1 pair of gloves (worn)
 f - a +1 cloak (worn)
 j - the +5 ring mail "Niotiblu" (worn) {-Cast rPois rC++ Stlth+}
   (You found it on level 2 of the Dungeon)

   rC++:      It greatly protects you from cold.
   rPois:     It protects you from poison -Cast: It prevents spellcasting.
   Stlth+:    It makes you more stealthy.
 l - a +1 leather armour of fire resistance
Wands
 m - a wand of light (3)
Scrolls
 e - a scroll of identify
 g - a scroll of brand weapon
Potions
 b - 2 potions of mutation
 d - a potion of curing
 h - 2 potions of haste
 k - 3 potions of enlightenment

Dungeon Overview and Level Annotations

Branches:
Dungeon (6/15)             Temple (1/1) D:4           Sewer (visited)

Altars:
Ashenzari
Cheibriados
Elyvilon
Fedhas
Gozag
Hepliaklqana
Nemelex Xobeh
Okawaru
Qazlal
Ru
Trog
Uskayaw
Wu Jian
Xom
Yredelemnul
The Shining One

Shops:
D:5 *


Message History

The arrow completely misses the raiju.
The raiju misses you.
The raiju bursts into living lightning!
The living lightning hits the raiju.
The raiju completely resists.
The living lightning hits you.
The raiju blinks!
You shoot an arrow. The arrow hits the raiju!!
You kill the raiju!
Okawaru accepts your kill. The raiju misses you.
Your base Dodging skill increases to level 5!
You shoot an arrow. The arrow hits the raiju.
The raiju is lightly wounded.
The raiju bites you but does no damage.
The raiju bursts into living lightning!
The living lightning misses you.
The raiju blinks!
You shoot an arrow. The arrow hits the raiju!
The raiju is moderately wounded.
The raiju bursts into living lightning!
The living lightning hits you!
The raiju blinks!
4948 ||| READING scroll of teleportation.
As you read the scroll of teleportation, it crumbles to dust.
You feel strangely unstable.
You feel the power of the Abyss delaying your translocation!
The raiju bursts into living lightning!
The living lightning misses you.
The raiju blinks!
The raiju closely misses you. x2
You shoot an arrow.
The arrow hits the raiju but does no damage.
The raiju is moderately wounded.
The raiju bursts into living lightning!
The living lightning misses you.
The raiju blinks!
The raiju bites you. The raiju shocks you!
You shoot an arrow.
The arrow hits the raiju but does no damage.
The raiju is moderately wounded.
The raiju barely misses you. The raiju completely misses you.
The raiju closely misses you.
You shoot an arrow. The arrow misses the raiju.
The raiju bursts into living lightning!
The living lightning hits you!
You die...

.. #.. ... #.#
.#.... ..._#.#
......h####
#.....@h.#
....##.h#....#
. ##.. #..#
##.. ... ... .
.... .....
......


You could see 3 raiju.

Vanquished Creatures
  Pikel (D:4)
  A raiju (Abyss:1)
  Eustachio (D:4)
  Menkaure (D:4)
  An orc warrior (D:5)
  An ogre (D:6)
  A lemure (D:4)
  A brain worm (Sewer)
  2 bullfrogs
  3 scorpions
  A howler monkey (D:5)
  6 bombardier beetles
  A hound (D:5)
  2 jellies
  An iguana (D:5)
  2 sleepcaps
  2 orc wizards
  4 gnolls (D:3)
  5 adders
  A river rat (Sewer)
  A white imp (D:5)
  3 ufetubi
  4 ribbon worms
  6 dart slugs
  9 orcs
  7 ball pythons
  4 endoplasms
  8 giant cockroaches
  3 goblins (D:2)
  4 hobgoblins
  4 jackals (Sewer)
  6 quokkas
  9 bats
  9 frilled lizards
  7 kobolds
  5 rats
127 creatures vanquished.

Notes
Turn   | Place    | Note
-------+----------+-------------------------------------------
     0 | D:1      | qw the Djinni Hunter began the quest for the Orb.
     0 | D:1      | Reached XP level 1. HP: 18/18 MP: 0/0
     0 | D:1      | 0 ||| qw: Version: 0.3-a-136-gdd3b4e8
     0 | D:1      | 0 ||| qw: Game counter: 1427
     0 | D:1      | 0 ||| qw: Melee chars always use a shield: true
     0 | D:1      | 0 ||| qw: God list: Okawaru
     0 | D:1      | 0 ||| qw: Allow faded altars: false
     0 | D:1      | 0 ||| qw: Do Orc after clearing Dungeon:15 true
     0 | D:1      | 0 ||| qw: Do second Lair branch before Depths: true
     0 | D:1      | 0 ||| qw: Lair rune preference: random
     0 | D:1      | 0 ||| qw: Goals: Normal
     0 | D:1      | 0 ||| PLANNING D:1-11
    29 | D:1      | Found a faded altar of an unknown god.
   517 | D:1      | Reached XP level 2. HP: 23/23 MP: 0/0
   726 | D:1      | 726 ||| UPGRADING to +0 ring mail.
   736 | D:1      | 736 ||| DROPPING +0 leather armour.
   737 | D:1      | 737 ||| UPGRADING to +0 cloak.
   742 | D:1      | 742 ||| READING scroll labelled JUUXYG INOETH.
   746 | D:1      | 746 ||| DROPPING scroll of butterflies.
   964 | D:2      | Reached skill level 1 in Armour
   964 | D:2      | Reached XP level 3. HP: 28/28 MP: 0/0
   964 | D:2      | Learned a level 1 spell: Shock
  1037 | D:2      | 1037 ||| FLEEEEING.
  1038 | D:2      | 1038 ||| FLEEEEING.
  1039 | D:2      | 1039 ||| FLEEEEING.
  1040 | D:2      | 1040 ||| FLEEEEING.
  1041 | D:2      | 1041 ||| FLEEEEING.
  1042 | D:2      | 1042 ||| FLEEEEING.
  1043 | D:2      | 1043 ||| FLEEEEING.
  1044 | D:2      | 1044 ||| FLEEEEING.
  1045 | D:2      | 1045 ||| FLEEEEING.
  1046 | D:2      | 1046 ||| FLEEEEING.
  1047 | D:2      | 1047 ||| FLEEEEING.
  1048 | D:2      | 1048 ||| FLEEEEING.
  1049 | D:2      | 1049 ||| FLEEEEING.
  1050 | D:2      | 1050 ||| FLEEEEING.
  1096 | D:2      | Identified the +5 ring mail "Niotiblu" {-Cast rPois rC++
                  | Stlth+}
  1208 | D:2      | Reached skill level 4 in Ranged Weapons
  1486 | D:2      | 1486 ||| UPGRADING to +5 ring mail "Niotiblu" {-Cast rPois
                  | rC++ Stlth+}.
  1496 | D:2      | 1496 ||| DROPPING +0 ring mail.
  1497 | D:2      | 1497 ||| READING scroll labelled FALOGR ZUELOU.
  1498 | D:2      | 1498 ||| READING 2 scrolls labelled ZETRIH PORRIFF.
  1498 | D:2      | 1498 ||| BRANDING +0 shortbow.
  1499 | D:2      | 1499 ||| READING scroll labelled PAVI TEACOTRICW.
  1551 | D:2      | 1551 ||| READING scroll labelled GEUQAPS DALY.
  1551 | D:2      | Identified a scroll of acquirement
  1551 | D:2      | 1551 ||| ACQUIRING 827 gold pieces
  1551 | D:2      | Acquired 827 gold pieces
  1553 | D:2      | 1553 ||| READING scroll labelled NEECIL ZUCW.
  1553 | D:2      | 1553 ||| IDENTIFYING fizzy red potion
  1554 | D:2      | 1554 ||| DRINKING 2 clear potions.
  1586 | D:3      | 1586 ||| PLANNING SEWER
  1599 | D:3      | Reached XP level 4. HP: 33/33 MP: 0/0
  1814 | D:3      | 1814 ||| RETREEEEATING.
  1818 | D:3      | 1818 ||| RETREEEEATING.
  1819 | D:3      | 1819 ||| RETREEEEATING.
  1820 | D:3      | 1820 ||| RETREEEEATING.
  1822 | D:3      | Reached skill level 3 in Fighting
  1825 | D:3      | Reached XP level 5. HP: 30/40 MP: 0/0
  1825 | D:3      | Learned a level 2 spell: Momentum Strike
  1920 | D:3      | Found a glowing drain.
  1990 | D:3      | 1990 ||| READING 2 scrolls of identify.
  1990 | D:3      | 1990 ||| IDENTIFYING emerald potion
  1991 | D:3      | 1991 ||| READING scroll of identify.
  1991 | D:3      | 1991 ||| IDENTIFYING scroll labelled OFAURE NOOREUH
  1992 | D:3      | 1992 ||| DROPPING scroll of vulnerability.
  2001 | Sewer    | Entered a sewer
  2160 | Sewer    | Noticed a brain worm
  2165 | Sewer    | Killed a brain worm
  2166 | Sewer    | Reached skill level 5 in Ranged Weapons
  2166 | Sewer    | Reached XP level 6. HP: 30/46 MP: 0/0
  2422 | Sewer    | 2422 ||| READING scroll labelled QAOTUQOEXA.
  2423 | Sewer    | 2423 ||| READING scroll labelled NUENOD ATINKIKE.
  2423 | Sewer    | 2423 ||| ENCHANTING +0 cloak.
  2455 | D:3      | 2455 ||| PLANNING D:1-11
  2606 | D:3      | 2606 ||| DROPPING ring of wizardry.
  2607 | D:3      | 2607 ||| READING scroll labelled KAMOTH IKESCH.
  2608 | D:3      | 2608 ||| DRINKING 2 viscous sapphire potions.
  2609 | D:3      | 2609 ||| DROPPING potion of brilliance.
  2671 | D:4      | Reached skill level 3 in Dodging
  2746 | D:4      | Reached XP level 7. HP: 52/52 MP: 0/0
  2746 | D:4      | Learned a level 3 spell: Passwall
  2815 | D:4      | Found a staircase to the Ecumenical Temple.
  2816 | D:4      | 2816 ||| PLANNING TEMPLE
  2816 | D:4      | 2816 ||| UPGRADING to +0 pair of gloves.
  2829 | Temple   | Entered the Ecumenical Temple
  2830 | Temple   | 2830 ||| PLANNING OKAWARU WORSHIP
  2853 | Temple   | Became a worshipper of Warmaster Okawaru
  2854 | Temple   | 2854 ||| PLANNING D:1-11
  2965 | D:4      | Noticed Pikel
  2966 | D:4      | 2966 ||| RETREEEEATING.
  2980 | D:4      | Killed Pikel
  2980 | D:4      | Reached * piety under Okawaru
  2980 | D:4      | Reached ** piety under Okawaru
  2981 | D:4      | Reached skill level 7 in Ranged Weapons
  2981 | D:4      | Reached XP level 8. HP: 27/58 MP: 0/0
  3137 | D:4      | Noticed Eustachio
  3138 | D:4      | 3138 ||| INVOKING Heroism.
  3147 | D:4      | 3147 ||| RETREEEEATING.
  3148 | D:4      | 3148 ||| RETREEEEATING.
  3149 | D:4      | 3149 ||| RETREEEEATING.
  3150 | D:4      | 3150 ||| RETREEEEATING.
  3151 | D:4      | 3151 ||| RETREEEEATING.
  3152 | D:4      | 3152 ||| RETREEEEATING.
  3153 | D:4      | 3153 ||| RETREEEEATING.
  3154 | D:4      | 3154 ||| RETREEEEATING.
  3155 | D:4      | 3155 ||| RETREEEEATING.
  3156 | D:4      | 3156 ||| RETREEEEATING.
  3157 | D:4      | 3157 ||| RETREEEEATING.
  3162 | D:4      | 3162 ||| INVOKING Heroism.
  3163 | D:4      | 3163 ||| INVOKING Heroism.
  3173 | D:4      | 3173 ||| INVOKING Heroism.
  3183 | D:4      | 3183 ||| INVOKING Heroism.
  3184 | D:4      | Killed Eustachio
  3185 | D:4      | Reached skill level 1 in Invocations
  3541 | D:4      | Noticed Menkaure
  3546 | D:4      | Killed Menkaure
  3612 | D:4      | Found a blossoming altar of Fedhas.
  3739 | D:5      | Entered Level 5 of the Dungeon
  3786 | D:5      | Found a stormy altar of Qazlal.
  3941 | D:5      | Reached skill level 3 in Invocations
  3982 | D:5      | 3982 ||| READING scroll of enchant armour.
  3982 | D:5      | 3982 ||| ENCHANTING +0 pair of gloves.
  4002 | D:5      | Found Huwemaut's Assorted Antiques.
  4010 | D:5      | 4010 ||| BUYING 2 puce potions (28 gold).
  4010 | D:5      | Bought 2 puce potions for 28 gold pieces
  4010 | D:5      | 4010 ||| BUYING grey potion (14 gold).
  4010 | D:5      | Bought a grey potion for 14 gold pieces
  4010 | D:5      | 4010 ||| BUYING pearl ring (80 gold).
  4010 | D:5      | Bought a pearl ring for 80 gold pieces
  4010 | D:5      | 4010 ||| BUYING scroll labelled KAUHECS LYPHIMU (16 gold).
  4010 | D:5      | Bought a scroll labelled KAUHECS LYPHIMU for 16 gold pieces
  4010 | D:5      | 4010 ||| BUYING scroll of identify (32 gold).
  4010 | D:5      | Bought a scroll of identify for 32 gold pieces
  4010 | D:5      | 4010 ||| BUYING scroll of identify (32 gold).
  4010 | D:5      | Bought a scroll of identify for 32 gold pieces
  4010 | D:5      | 4010 ||| BUYING thick fluorescent amulet (80 gold).
  4010 | D:5      | Bought a thick fluorescent amulet for 80 gold pieces
  4092 | D:5      | Reached XP level 9. HP: 24/64 MP: 0/0
  4092 | D:5      | Learned a level 4 spell: Petrify
  4116 | D:5      | 4116 ||| FLEEEEING.
  4117 | D:5      | 4117 ||| FLEEEEING.
  4118 | D:5      | 4118 ||| FLEEEEING.
  4119 | D:5      | 4119 ||| FLEEEEING.
  4120 | D:5      | 4120 ||| FLEEEEING.
  4121 | D:5      | 4121 ||| DRINKING 2 potions of curing.
  4121 | D:5      | 4121 ||| (to cure confusion)
  4122 | D:5      | 4122 ||| FLEEEEING.
  4123 | D:5      | 4123 ||| FLEEEEING.
  4124 | D:5      | 4124 ||| FLEEEEING.
  4125 | D:5      | 4125 ||| FLEEEEING.
  4127 | D:5      | 4127 ||| FLEEEEING.
  4342 | D:5      | Found a bloodstained altar of Trog.
  4759 | D:5      | 4759 ||| DROPPING amulet of guardian spirit.
  4760 | D:5      | 4760 ||| DROPPING ring of magical power.
  4761 | D:5      | 4761 ||| READING 4 scrolls of identify.
  4761 | D:5      | 4761 ||| IDENTIFYING viscous amethyst potion
  4762 | D:5      | 4762 ||| READING 3 scrolls of identify.
  4762 | D:5      | 4762 ||| IDENTIFYING 2 grey potions
  4763 | D:5      | 4763 ||| READING 2 scrolls of identify.
  4763 | D:5      | 4763 ||| IDENTIFYING 2 puce potions
  4764 | D:5      | 4764 ||| READING scroll of identify.
  4764 | D:5      | 4764 ||| IDENTIFYING scroll labelled KAUHECS LYPHIMU
  4765 | D:5      | 4765 ||| READING scroll of enchant weapon.
  4765 | D:5      | 4765 ||| ENCHANTING +0 heavy shortbow.
  4766 | D:5      | 4766 ||| DROPPING potion of attraction.
  4767 | D:5      | 4767 ||| DROPPING 2 potions of invisibility.
  4814 | D:6      | Found a broken altar of Ashenzari.
  4869 | D:6      | Reached skill level 8 in Ranged Weapons
  4939 | Abyss:1  | Found a corrupted altar of Lugonu.
  4939 | Abyss:1  | Cast into level 1 of the Abyss (orc)
  4941 | Abyss:1  | Noticed a raiju
  4941 | Abyss:1  | 4941 ||| INVOKING Heroism.
  4942 | Abyss:1  | Noticed a raiju
  4942 | Abyss:1  | Noticed a raiju
  4943 | Abyss:1  | Noticed a raiju
  4945 | Abyss:1  | Killed a raiju
  4947 | Abyss:1  | HP: 16/65 [raiju/living lightning (12)]
  4948 | Abyss:1  | 4948 ||| READING scroll of teleportation.
  4949 | Abyss:1  | HP: 3/65 [raiju (8)]
  4951 | Abyss:1  | Killed from afar by a raiju

Levels and vault maps discovered:
D:1:      dpeg_arrival_leaves_temple_mockup, layout_basic,
          shapermc_ecumenical_altar_rom_forum, hangedman_abyss_or_decor_stabs
D:2:      layout_loops_ring
D:3:      layout_basic, portal_sewer_entry_f
D:4:      layout_basic, fedhas_altar_fruit_tree,
          minmay_temple_entry_antechambers, uniq_menkaure, uniq_pikel,
          uniq_eustachio
D:5:      layout_basic, nzn_overflow_gifts_of_might_and_magic,
          mainiacjoe_overflow_24_doors, serial_shops, shop
D:6:      layout_rooms, minmay_misc_feat_x, hangedman_feature_mirror,
          roderic_lattice_a, kb_lookout_dungeons_type, minmay_checkerbox
Temple:   jpeg_temple_clearing
Abyss:1:  base:
Temple

Skill      XL: |  1  2  3  4  5  6  7  8  9 |
---------------+----------------------------+-----
Armour         | 1 2 |  2.6
Ranged Weapons | 4 5 7 8 |  8.0
Fighting       | 3 4 5 |  5.0
Dodging        | 3 4 5 |  5.4
Invocations    | 3 4 |  4.0
Stealth        | |  0.7

Action                     |  1- 3 |  4- 6 |  7- 9 || total
---------------------------+-------+-------+-------++-------
   Fire: Shortbow          |    94 |   141 |   177 ||   412
 Invoke: Heroism           |       |       |     5 ||     5
    Use: Scroll            |     6 |     5 |     7 ||    18
         Potion            |     1 |     1 |     1 ||     3
 Armour: Leather armour    |     1 |       |       ||     1
         Ring mail         |    31 |    91 |    99 ||   221
  Dodge: Dodged            |    34 |    82 |   110 ||   226

Table legend:
 A = Non-vault XP
 B = Vault XP
 C = Vault XP percentage of total XP
 D = Non-vault monster count
 E = Vault monster count
 F = Vault count percentage of total count
                 A         B        C        D         E       F
            +---------+---------+-------+---------+---------+-------
      Total |    1411 |    1654 |  54.0 |      84 |      42 |  33.3
            +---------+---------+-------+---------+---------+-------
        D:1 |      16 |       0 |   0.0 |       9 |       0 |   0.0
        D:2 |      50 |       0 |   0.0 |      17 |       0 |   0.0
        D:3 |     110 |       8 |   6.8 |      21 |       4 |  16.0
        D:4 |     243 |    1031 |  80.9 |      14 |       3 |  17.6
        D:5 |     584 |     173 |  22.9 |      16 |       2 |  11.1
        D:6 |     133 |     261 |  66.2 |       6 |       4 |  40.0
    Abyss:1 |     275 |       0 |   0.0 |       1 |       0 |   0.0
      Sewer |       0 |     181 | 100.0 |       0 |      29 | 100.0
            +---------+---------+-------+---------+---------+-------
